 Dungeon Crawl Stone Soup version 0.31.0-32-g396128a36d (webtiles) character file.

Game seed: 13465027546444046442

4475 Anchovy the Mimic (level 10, -5/71 HPs)
             Began as an Octopode Warper on Apr 13, 2024.
             Slain by a skeletal warrior
             ... wielding a +2 heavy dire flail
              (35 damage)
             ... on level 8 of the Dungeon.
             The game lasted 00:12:39 (7762 turns).

Anchovy the Mimic (Octopode Warper)                 Turns: 7762, Time: 00:12:40

Health: -5/71      AC:  6    Str:  8    XL:     10   Next: 38%
Magic:  13/13      EV: 18    Int: 28    God:
Gold:   486        SH:  0    Dex: 11    Spells: 8/13 levels left

rFire   . .          .
                       - Unarmed
rCold   + . .        (shield currently unavailable)
rNeg    . . .        i - +1 hat
rPois   +            y - amulet of the acrobat
rElec   .            T - +4 ring of protection
rCorr   .            (no ring)
SInv    .            C - ring of protection from cold
Will    .....        B - ring "Cytessoy" {rPois Str-3 Int+8}
Stlth   +            (no ring)
HPRegen 0.31/turn    (no ring)
MPRegen 0.13/turn    (no ring)
                     (no ring)

%: acrobat
@: flux-form, glowing
A: glow, contaminating, almost no armour, amphibious, 8 rings, camouflage 1,
gelatinous body 1, (nimble swimmer 1), tentacles
a: Begin Untransformation


You were on level 8 of the Dungeon.
You were something dangerously unstable.
You visited 2 branches of the dungeon, and saw 9 of its levels.

You collected 486 gold pieces.


Innate Abilities, Weirdness & Mutations

You are something dangerously unstable.
You glow with magical radiation, making you easy to see and hit.
Foes you strike become dangerously contaminated with magical radiation.
You are incapable of wielding weapons or throwing items.
You cannot wear most types of armour.
You are amphibious.
You can wear up to eight rings at the same time.
Your skin changes colour to match your surroundings (Stealth+).
Your rubbery body absorbs attacks. (AC +1, EV +1)
((You are camouflaged when in or above water. (Stealth+)))
You have tentacles for arms and can constrict up to eight enemies at once.


   Skills:
 + Level 7.3 Fighting
 - Level 1.0 Throwing
 - Level 4.0 Dodging
 + Level 7.3 Unarmed Combat
 - Level 2.0 Spellcasting
 - Level 4.0 Summonings
 - Level 4.0 Translocations
 - Level 3.0 Evocations
 - Level 8.0 Shapeshifting


You had 8 spell levels left.
You knew the following spells:

 Your Spells              Type           Power      Damage    Failure   Level
f - Summon Forest         Summ/Tloc      12%        N/A       43%         5

Your spell library contained the following spells:

 Spells                   Type           Power      Damage    Failure   Level
 Blink                    Tloc           50%        N/A       2%          2
 Lesser Beckoning         Tloc           50%        N/A       2%          2
 Teleport Other           Tloc           25%        N/A       5%          3
 Freeze                   Ice            8%         1d3       9%          1
 Kiss of Death            Conj/Necr      8%         2d6       9%          1
 Jinxbite                 Hex            4%         N/A       14%         2
 Manifold Assault         Tloc           25%        N/A       17%         4
 Confusing Touch          Hex            2%         N/A       26%         3
 Frozen Ramparts          Ice            4%         1d1       26%         3
 Hailstorm                Conj/Ice       2%         3d5       26%         3
 Vhi's Electric Charge    Tloc/Air       28%        N/A       36%         4
 Dispel Undead            Necr           2%         3d7       65%         4
 Yara's Violent Unravell  Hex/Alch       1%         3d3       94%         5
 Eringya's Noxious Bog    Alch           1%         4d6       100%        6
 Enfeeble                 Hex            1%         N/A       100%        7
 Summon Hydra             Summ           12%        N/A       100%        7

Inventory:

Missiles
 b - 7 darts of dispersal {=f}
 c - 13 poisoned darts (quivered)
 u - 2 throwing nets {=f}
 z - a curare-tipped dart {=f}
Armour
 i - a +1 hat (worn)
Jewellery
 y - an amulet of the acrobat (around mantle)
 B - the ring "Cytessoy" (on tentacle) {rPois Str-3 Int+8}
   (You found it on level 8 of the Dungeon)

   [ring of poison resistance]

   Str-3:     It affects your strength (-3).
   Int+8:     It affects your intelligence (+8).
   rPois:     It protects you from poison
 C - a ring of protection from cold (on tentacle)
 T - a +4 ring of protection (left tentacle)
Talismans
 k - a flux talisman (active)
Wands
 h - a wand of charming (14)
 p - a wand of flame (28)
Scrolls
 a - 3 scrolls of blinking
 d - a scroll of identify {@r1}
 f - 3 scrolls of teleportation {@r2}
 m - a scroll of enchant armour {unknown}
 q - 3 scrolls of fear {unknown}
 s - a scroll of poison {unknown}
 v - 4 scrolls of amnesia {unknown}
 w - a scroll of enchant weapon {unknown}
 x - a scroll of silence {unknown}
 A - a scroll of noise {unknown}
Potions
 e - 7 potions of curing {@q1}
 g - a potion of brilliance
 j - a potion of lignification
 l - a potion of haste {@q3}
 n - 3 potions of attraction
 r - 2 potions of mutation
 t - 2 potions of ambrosia

Dungeon Overview and Level Annotations

Branches:
Dungeon (8/15)             Temple (1/1) D:6            Lair (0/5) D:8

Altars:
Ashenzari
Cheibriados
Dithmenos
Elyvilon
Fedhas
Hepliaklqana
Kikubaaqudgha
Makhleb
Nemelex Xobeh
Okawaru
Qazlal
Ru
Trog
Uskayaw
Vehumet
Wu Jian
Xom
Yredelemnul
Zin
The Shining One

Shops:
D:2 ? D:8

[(( #[..≈...#..## ##.#
..#...#.....## ##..#
.##...##.....# #..##
.........#...# #.##
≈...>...≈#.#.# ##.#
.........#.#.###..#
.##.P.##.....<...###
..#...#......##zz..#
#..b≈...#...####p#.#
.#######...##......#
##..##....###.##.###
###.......##..##.#
....##.......###.#
###......)######.#
####....#####..#######
#...........#.....#
######......#.....#


You could see 2 skeletal warriors.


Message History

The skeletal warrior hits you from afar with a +0 halberd!!
* * * LOW HITPOINT WARNING * * *
You climb upwards.
There is a stone staircase leading down here.
Unknown command.
You start resting.
HP restored.
You see here a +0 trident.
There is a stone staircase leading down here.
You climb downwards.
There is a stone staircase leading up here.
Unknown command.
There is an entrance to Unymub's Antique Weapon Shop here.
You see here a +0 dagger.
There is a stone staircase leading down here.
Items here: ))) [ ÷.
You see here a +0 ring mail.
There is a stone staircase leading up here.
A skeletal warrior is nearby!
A skeletal warrior is nearby!
You start waiting.
A skeletal warrior is nearby!
The skeletal warrior hits you with a +0 halberd!
You tentacle-slap the skeletal warrior but do no damage.
The skeletal warrior begins to glow.
You grab the skeletal warrior.
You constrict the skeletal warrior, but do no damage.
The skeletal warrior hits you with a +0 halberd!!
* * * LOW HITPOINT WARNING * * *
The skeletal warrior hits you with a +2 heavy dire flail!!
You die...

Skill      XL: |  1  2  3  4  5  6  7  8  9 10 |
---------------+-------------------------------+-----
Fighting       | 3 4 6 7 |  7.3
Shapeshifting  | 1 3 4 6 7 8 |  8.0
Unarmed Combat | 3 5 7 |  7.3
Evocations     | 2 3 |  3.0
Dodging        | 3 4 |  4.0
Summonings     | 2 4 |  4.0
Translocations | 4 |  4.0
Throwing       | |  1.0
Spellcasting   | |  2.0

Action                     |  1- 3 |  4- 6 |  7- 9 | 10-12 || total
---------------------------+-------+-------+-------+-------++-------
  Melee: Unarmed           |    77 |   183 |   266 |    40 ||   566
         Constrict         |    21 |    32 |    43 |     9 ||   105
         Tentacles         |    16 |    29 |    68 |    15 ||   128
         Punch             |     1 |     5 |     4 |       ||    10
  Throw: Dart              |       |     6 |    11 |       ||    17
    Use: Potion            |       |     1 |     1 |     2 ||     4
         Scroll            |       |       |    10 |       ||    10
   Stab: Sleeping          |    10 |     5 |     1 |       ||    16
 Armour: Skin              |    31 |    88 |   108 |    20 ||   247
  Dodge: Dodged            |    39 |   104 |   186 |    32 ||   361
   Form: Flux              |       |       |     1 |       ||     1

Levels and vault maps discovered:
D:1:      dpeg_arrival_rhombi, layout_basic, minmay_distorted
D:2:      layout_rooms, serial_shops, nicolae_shop_rolled_up, interstate_on_off,
          serial_bayou_lagoon_a, feat_on_display
D:3:      layout_loops_ring, shapermc_ecumenical_altar_acropolis,
          grunt_ministairs_1, st_stairs_11, chequers_arboretum
D:4:      layout_basic, grunt_decor_cap, kennysheep_generic_room_6
D:5:      layout_gridville, mainiacjoe_overflow_small_starburst,
          mainiacjoe_overflow_paths, cheibrodos_sewer_entry_sluice
D:6:      layout_basic, gammafunk_temple_overflow_forgotten,
          minmay_temple_entry_grid
D:7:      layout_basic, kennysheep_generic_room_10
D:8:      layout_rooms, xom_butterflies, dpeg_oklobed_lair,
          nicolae_shop_distant_corner_stores, uniq_jeremiah, uniq_maggie
Temple:   dpeg_chambers_temple

Notes
Turn   | Place    | Note
-------+----------+-------------------------------------------
     0 | D:1      | Anchovy the Octopode Warper began the quest for the Orb.
     0 | D:1      | Reached XP level 1. HP: 14/14 MP: 3/3
   164 | D:1      | Reached XP level 2. HP: 14/20 MP: 5/5
   206 | D:1      | Reached skill level 3 in Fighting
   294 | D:1      | Reached XP level 3. HP: 26/26 MP: 6/6
   816 | D:2      | Reached skill level 4 in Fighting
  1010 | D:2      | Reached XP level 4. HP: 33/33 MP: 7/7
  1300 | D:2      | Found Ceorph's Magic Scroll Boutique.
  1510 | D:3      | Found a faded altar of an unknown god.
  1573 | D:3      | Reached skill level 1 in Shapeshifting
  1691 | D:3      | Reached skill level 3 in Unarmed Combat
  1691 | D:3      | Reached XP level 5. HP: 15/37 MP: 8/8
  1941 | D:3      | Reached skill level 2 in Shapeshifting
  2355 | D:4      | Identified the +4 dagger of Qorer {venom, rC- rN+++ MP+9
                  | Int-3}
  2753 | D:4      | Reached skill level 3 in Shapeshifting
  2801 | D:4      | Reached XP level 6. HP: 26/43 MP: 9/9
  2806 | D:4      | Reached skill level 4 in Shapeshifting
  3175 | D:4      | Reached XP level 7. HP: 25/48 MP: 10/10
  3349 | D:5      | Entered Level 5 of the Dungeon
  3385 | D:5      | Reached skill level 5 in Shapeshifting
  3610 | D:5      | Found a white marble altar of Elyvilon.
  3719 | D:5      | Reached skill level 6 in Shapeshifting
  3843 | D:5      | Found a sparkling altar of Nemelex Xobeh.
  3951 | D:5      | Reached XP level 8. HP: 41/54 MP: 11/11
  3970 | D:5      | Reached skill level 7 in Shapeshifting
  4563 | D:6      | Reached skill level 4 in Unarmed Combat
  4566 | D:6      | Reached skill level 5 in Fighting
  4709 | D:6      | Reached skill level 1 in Evocations
  4766 | D:6      | Reached skill level 5 in Unarmed Combat
  4852 | D:6      | Reached skill level 2 in Evocations
  4875 | D:6      | Found a staircase to the Ecumenical Temple.
  4895 | D:6      | Reached skill level 6 in Fighting
  4895 | D:6      | Reached XP level 9. HP: 57/62 MP: 12/12
  4904 | Temple   | Entered the Ecumenical Temple
  4956 | D:6      | Found a glowing silver altar of Zin.
  4959 | D:6      | Found a broken altar of Ashenzari.
  4960 | D:6      | Found a snail-covered altar of Cheibriados.
  5130 | D:7      | Reached skill level 3 in Evocations
  5468 | D:7      | Reached skill level 6 in Unarmed Combat
  5712 | D:7      | Reached skill level 7 in Fighting
  6137 | D:8      | Found a staircase to the Lair.
  6188 | D:8      | Found a shimmering altar of Xom.
  6204 | D:8      | Reached skill level 7 in Unarmed Combat
  6211 | D:8      | HP: 1/63 [wight/+6 scimitar (12)]
  6424 | D:8      | Identified the ring "Cytessoy" {rPois Str-3 Int+8}
  6535 | D:8      | Learned a level 5 spell: Summon Forest
  6536 | D:8      | Noticed Jeremiah
  6561 | D:8      | Reached skill level 3 in Dodging
  6568 | D:8      | Reached skill level 1 in Summonings
  6674 | D:8      | Noticed a skeletal warrior
  6847 | D:8      | Found Qal Foos's Antique Weapon Shop.
  6847 | D:8      | Found Unymub's Antique Weapon Shop.
  6847 | D:8      | Found Qaso's Antique Armour Shop.
  6930 | D:8      | Noticed Maggie
  6950 | D:8      | Killed Maggie
  6951 | D:8      | Reached skill level 2 in Summonings
  6951 | D:8      | Reached skill level 4 in Translocations
  6951 | D:8      | Reached XP level 10. HP: 42/71 MP: 13/13
  6985 | D:8      | Reached skill level 4 in Dodging
  7088 | D:8      | Killed Jeremiah
  7089 | D:8      | Reached skill level 3 in Summonings
  7345 | D:8      | Noticed a skeletal warrior
  7345 | D:8      | Noticed a skeletal warrior
  7361 | D:8      | Killed a skeletal warrior
  7362 | D:8      | Reached skill level 4 in Summonings
  7362 | D:8      | Reached skill level 8 in Shapeshifting
  7395 | D:8      | HP: 5/71 [skeletal warrior/+0 halberd (18)]
  7762 | D:8      | Slain by a skeletal warrior

Vanquished Creatures
  A skeletal warrior (D:8)
  Maggie (D:8)
  Jeremiah (D:8)
  A wraith (D:8)
  A steam dragon (D:8)
  An acid dragon (D:8)
  2 orc warriors
  2 sky beasts (D:7)
  3 ice beasts
  4 ogres
  2 black bears (D:6)
  2 centaurs
  A phantom (D:5)
  A kobold brigand (D:7)
  5 bullfrogs
  3 scorpions
  8 wights
  A howler monkey (D:7)
  2 bombardier beetles
  3 hounds
  3 sleepcaps
  6 iguanas
  2 orc wizards
  5 adders
  A gnoll (D:4)
  2 ribbon worms
  8 dart slugs
  17 orcs
  7 bats
  6 endoplasms
  4 giant cockroaches (D:2)
  9 goblins
  5 hobgoblins
  2 jackals (D:4)
  10 kobolds
  6 quokkas
  15 ball pythons
  3 frilled lizards
  5 rats
161 creatures vanquished.

Table legend: (Time is in decaauts)
 A = Elapsed time spent in this place.
 B = Non-inter-level travel time spent in this place.
 C = Inter-level travel time spent in this place.
 D = Time resting spent in this place.
 E = Time spent auto-exploring this place.
 F = Levels seen in this place.
 G = Mean time per level.
                   A        B        C        D        E       F      G
               +--------+--------+--------+--------+--------+-----+--------+
         Total |   7706 |   7389 |    317 |   1248 |   4797 |   9 |  856.2 |
       Dungeon |   7704 |   7388 |    316 |   1248 |   4797 |   8 |  963.0 |
        Temple |      1 |      0 |      1 |      0 |      0 |   1 |    1.0 |
               +--------+--------+--------+--------+--------+-----+--------+

Top non-repeatable levels by time:
     D:7: 1461 daAuts
     D:5: 1194 daAuts
     D:8: 1156 daAuts
     D:4: 1005 daAuts
     D:3: 871 daAuts
     D:1: 729 daAuts
     D:2: 727 daAuts
     D:6: 557 daAuts
  Temple: 1 daAuts

Table legend:
 A = Non-vault XP
 B = Vault XP
 C = Vault XP percentage of total XP
 D = Non-vault monster count
 E = Vault monster count
 F = Vault count percentage of total count
                 A         B        C        D         E       F
            +---------+---------+-------+---------+---------+-------
      Total |    5407 |     986 |  15.4 |     147 |      14 |   8.7
            +---------+---------+-------+---------+---------+-------
        D:1 |      43 |       3 |   6.5 |      20 |       2 |   9.1
        D:2 |      66 |       0 |   0.0 |      25 |       0 |   0.0
        D:3 |      87 |       4 |   4.4 |      21 |       4 |  16.0
        D:4 |     417 |       2 |   0.5 |      20 |       1 |   4.8
        D:5 |     941 |       7 |   0.7 |      12 |       3 |  20.0
        D:6 |     867 |       0 |   0.0 |      17 |       0 |   0.0
        D:7 |     813 |     224 |  21.6 |      13 |       2 |  13.3
        D:8 |    2173 |     746 |  25.6 |      19 |       2 |   9.5
            +---------+---------+-------+---------+---------+-------
